Cogmind - Beta 13 @@@ ROGUE MODE // 2024.07.15 @ 18:57:08 Player: OctagonalPrism Result: Destroyed by Y-45 Defender with Heavy Assault Rifle Performance ------------- Evolutions (2) 1000 Regions Visited (5) 1000 Robots Destroyed (74) 370 Value Destroyed (2173) 2173 Prototype IDs (2) 40 Alien Tech Used (0) 0 Bonus (-78) -78 TOTAL SCORE: 4505 Bonus ------- High Alert Combat Kills 38 Follower Combat Kills 52 Friendly Fire -168 Cogmind --------- Core Integrity 0/550 Matter 380/400 Energy 300/300 System Corruption 2% Temperature Cool (9) Movement Walking (120) Location -8/Materials Parts ------- > --- POWER (2) -------- Nuclear Core Light Nuclear Core > --- PROPULSION (3) --- Aluminum Leg Aluminum Leg Aluminum Leg > --- UTILITY (4) ------ Medium Matter Pod Targeting Computer Advanced Targeting Computer Hardened Light Armor Plating > --- WEAPON (2) ------- Particle Gun Field Laser > --- INVENTORY (5) ---- Advanced Visual Processing Unit Pulse Rifle Improved EM Pulse Cannon High-powered Shotgun Grenade Launcher Peak State ------------ > --- POWER ------------ Light Nuclear Core > --- PROPULSION ------- Aluminum Leg Aluminum Leg Carbon-fiber Leg > --- UTILITY ---------- Small Storage Unit Sensor Array Improved Light Armor Plating Drone Bay > --- WEAPON ----------- Beamcaster Assault Cannon > --- INVENTORY -------- Heat Sink Targeting Computer Medium Armor Plating Hardened Light Armor Plating Small Laser Improved Assault Rifle Rocket Launcher Mini Grenade Launcher [Rating: 27] Favorites ----------- Power Light Ion Engine Engine Light Ion Engine Power Core Light Nuclear Core Propulsion Aluminum Leg Treads Light Treads Leg Aluminum Leg Flight Unit Flight Unit Utility Small Storage Unit Device Sensor Array Storage Small Storage Unit Processor Targeting Computer Protection Medium Armor Plating Weapon EM Pulse Gun Energy Gun EM Pulse Gun Energy Cannon Improved EM Pulse Cannon Ballistic Gun Light Assault Rifle Ballistic Cannon Assault Cannon Launcher Rocket Launcher Build | -11 -10 -10 -9 -9 -8 ------- Run | Yrd Mat Min Mat Sto Mat Slots Evolved 4 | . . . 2 . 2 Power 1 | . . . . . 1 Propulsion 1 | . . . . . 1 Utility 2 | . . . 2 . . Weapon . | . . . . . . Parts Attached 103 | 7 8 1 15 32 40 Power 12 | 1 . . 1 3 7 Engine 7 | 1 . . 1 3 2 Core 5 | . . . . . 5 Reactor . | . . . . . . Propulsion 26 | 2 5 . 4 6 9 Treads 3 | . . . . . 3 Leg 21 | 2 3 . 4 6 6 Wheel . | . . . . . . Hover . | . . . . . . Flight 2 | . 2 . . . . Utility 25 | 1 1 . 7 6 10 Device 11 | . 1 . 4 3 3 Storage 2 | 1 . . . . 1 Processor 2 | . . . . . 2 Hackware . | . . . . . . Protection 10 | . . . 3 3 4 Artifact . | . . . . . . Weapon 40 | 3 2 1 3 17 14 Energy Gun 16 | 2 2 1 . 7 4 Energy Cannon 1 | . . . . . 1 Ballistic Gun 12 | 1 . . 3 4 4 Ballistic Cannon 1 | . . . . . 1 Launcher 10 | . . . . 6 4 Special Weapon . | . . . . . . Impact Weapon . | . . . . . . Slashing Weapon . | . . . . . . Piercing Weapon . | . . . . . . Special Melee Weapon . | . . . . . . Unidentified Prototypes 2 | . . . . 1 1 Corrupted Parts 5 | . 1 . 1 2 1 System Corruption 18 | . 6 . 5 5 2 Parts Lost 36 | . 1 . 5 4 26 Power 4 | . . . . 1 3 Propulsion 8 | . . . 1 . 7 Utility 10 | . . . 2 1 7 Weapon 14 | . 1 . 2 2 9 Highest Loss Streak 13 | . 1 . 3 2 13 To Critical Strikes . | . . . . . . Average Slot Usage (%) 93 | . 98 100 96 98 79 Engine 9 | . 14 14 11 11 3 Core 1 | . . . . . 7 Treads 1 | . . . . . 4 Leg 21 | . 28 28 21 21 17 Device 16 | . 13 14 21 20 9 Storage 10 | . 14 14 11 11 5 Processor 1 | . . . . . 7 Protection 8 | . . . 9 11 8 Energy Gun 12 | . 27 28 7 9 10 Ballistic Gun 7 | . . . 13 11 2 Naked Turns 16 | . . . . . 16 Heaviest Build 32 | 12 13 14 22 28 32 Greatest Support 60 | 20 20 20 20 28 60 Greatest Overweight (x) 4 | 3 1 . 1 1 4 Average Overweight (x) . | . . . . . . Largest Inventory Capacity 8 | 8 8 8 8 8 8 Average Capacity 7 | 7 8 8 8 8 5 Most Carried 8 | 2 8 7 8 8 8 Average Carried 5 | 1 5 6 5 7 4 Final Capacity 8 | 8 8 8 8 8 5 Final Carried 8 | 2 6 7 6 8 5 Class Distribution -------------------- 55% | Mutant 44% | Scavenger-Mutant Dominant Class ---------------- Mutant | -10/Materials Mutant | -10/Mines Scavenger-Mutant | -9/Materials Mutant | -9/Storage Scavenger-Mutant | -8/Materials Resources | -11 -10 -10 -9 -9 -8 ----------- Run | Yrd Mat Min Mat Sto Mat Matter Collected 1811 | 172 153 35 235 604 612 Remotely . | . . . . . . Salvage Created 2549 | . 462 39 328 1067 653 Parts 170 | . 31 5 21 71 42 Haulers Intercepted 3 | . . . . 2 1 Recyclers Shooed . | . . . . . . Parts Field Recycled . | . . . . . . Retrieved Matter . | . . . . . . Parts Self-Destructed . | . . . . . . Prevented . | . . . . . . Kills | -11 -10 -10 -9 -9 -8 ------- Run | Yrd Mat Min Mat Sto Mat Combat Hostiles Destroyed 61 | . 12 2 12 21 14 Guns 43 | . 11 2 11 11 8 Cannons 1 | . . . . . 1 AOE 17 | . 1 . 1 10 5 Classes Destroyed 11 | . 3 . 1 6 1 Worker 3 | . . . . 2 1 Builder 2 | . . . . 1 1 Hauler 3 | . . . . 2 1 Recycler 1 | . 1 . . . . Watcher 3 | . . . 1 2 . Swarmer 14 | . 6 2 6 . . Grunt 34 | . 6 . 6 13 9 Brawler 3 | . . . . 3 . Protector 1 | . . . . 1 . Sentry 8 | . . . . 4 4 Hunter 1 | . . . . . 1 Thug 1 | . . . . 1 . Best Kill Streak 7 | . 4 2 7 5 3 Combat Bots Only 7 | . 4 2 7 5 3 Max Kills in Single Turn 3 | . 2 1 2 3 2 Gunslinging 1 | . . . 1 . 1 Exploded 2 | . 1 . 1 2 1 Melee . | . . . . . . Uniques/NPCs Destroyed . | . . . . . . Combat | -11 -10 -10 -9 -9 -8 -------- Run | Yrd Mat Min Mat Sto Mat Hostile Shots Fired 505 | . 47 6 86 91 275 Missed 125 | . 18 2 18 18 69 Damage Taken 5169 | . 283 29 711 1013 3133 Core 856 | . 42 7 100 143 564 Absorbed by Shields 24 | . . . 24 . . Core Remaining (%) 73 | 100 . 80 . 39 . Volleys Fired 173 | . 27 3 32 63 48 Largest 2 | . 2 2 2 2 2 Hottest 119 | . 80 105 105 79 119 Shots Fired 302 | . 47 6 55 111 83 Gun 269 | . 47 6 55 99 62 Cannon 10 | . . . . . 10 Launcher 23 | . . . . 12 11 Special . | . . . . . . Kinetic 135 | . . . 35 54 46 Thermal 68 | . 5 3 17 17 26 Explosive 23 | . . . . 12 11 Electromagnetic 76 | . 42 3 3 28 . Robot Hit Streak 20 | . 6 4 11 15 20 Robot Miss Streak 5 | . 4 1 3 5 4 Penetration Max . | . . . . . . Secondary Targets 6 | . 2 . 3 . 1 Max Gunslinging Chain 1 | . 1 . 1 . 1 Shots Hit Robots 205 | . 29 4 44 72 56 Core Hits 123 | . 18 2 19 50 34 Critical Kills . | . . . . . . Critical Parts Destroyed . | . . . . . . Critical Strikes 5 | . 1 . 1 2 1 Burn 4 | . . . 1 2 1 Corrupt 1 | . 1 . . . . Melee Attacks . | . . . . . . Impact . | . . . . . . Slashing . | . . . . . . Piercing . | . . . . . . Sneak Attacks . | . . . . . . Combat Hostiles . | . . . . . . Follow-up Attacks . | . . . . . . Damage Inflicted 4151 | . 435 40 647 1734 1295 Guns 2590 | . 367 36 647 819 721 Cannons 97 | . . . . . 97 Explosions 1460 | . 68 . . 915 477 Melee . | . . . . . . Ramming 4 | . . 4 . . . Kinetic 1254 | . . . 394 311 549 Thermal 992 | . 123 15 216 369 269 Explosive 1171 | . . . . 717 454 Electromagnetic 730 | . 312 21 37 337 23 Impact . | . . . . . . Slashing . | . . . . . . Piercing . | . . . . . . Highest Corruption 11 | . 6 6 6 11 2 Average Corruption 5 | . 6 6 4 6 2 Corruption Purged . | . . . . . . Corruption Blocked . | . . . . . . Effects 41 | . . 4 2 34 1 Message Errors 12 | . . 2 1 9 . Matter Fused 10 | . . 1 . 9 . Heat Flow Errors 7 | . . . . 6 1 Energy Discharges 3 | . . . . 3 . Parts Fused 1 | . . . . 1 . Data Loss (minor) 3 | . . . 1 2 . Data Loss (major) 3 | . . 1 . 2 . Misfires 2 | . . . . 2 . Overload Shots . | . . . . . . Overflow Damage 11 | . . . . . 11 Projectiles . | . . . . . . Explosions 11 | . . . . . 11 Melee . | . . . . . . Knockbacks 3 | . . . . . 3 Impact . | . . . . . . Kinetic 3 | . . . . . 3 Secondary . | . . . . . . Self-Inflicted Damage 121 | . 20 . . 77 24 Shots 5 | . 1 . . 3 1 Rammed . | . . . . . . Targets Rammed 2 | . 1 1 . . . Kicked 2 | . 1 1 . . . Crushed . | . . . . . . Highest Temperature 279 | . 138 95 149 279 190 Average Temperature 75 | . 43 41 69 92 71 Received Heat Transfer 2045 | . 54 . 227 387 1377 Effects 1 | . . . . 1 . Energy Bleed 1 | . . . . 1 . Siege Activations . | . . . . . . Robots Corrupted 1 | . . . . 1 . Combat Hostiles . | . . . . . . Parts Fried . | . . . . . . Impact Corruptions . | . . . . . . Robots Melted . | . . . . . . Combat Hostiles . | . . . . . . Parts Melted 1 | . . . 1 . . Heat Transferred 2276 | . 225 37 592 756 666 Parts Sabotaged . | . . . . . . Parts Stolen . | . . . . . . Parts Stripped . | . . . . . . Power Chain Reactions 3 | . 1 . . 2 . Alert | -11 -10 -10 -9 -9 -8 ------- Run | Yrd Mat Min Mat Sto Mat Peak Influence 442 | . 406 119 357 442 405 Initial 139 | . . 79 46 66 139 Average 204 | . 204 115 177 185 280 Maximum Alert Level 2 | . 2 . 1 2 2 Low Security (%) 43 | 100 48 100 46 52 10 Level 1 52 | . 36 . 53 41 89 Level 2 4 | . 15 . . 5 . Level 3 . | . . . . . . Level 4 . | . . . . . . Level 5 . | . . . . . . High Security . | . . . . . . Max Security . | . . . . . . Squads Dispatched 13 | . 2 . 1 4 6 Investigation 7 | . 2 . 1 2 2 Extermination . | . . . . . . Reinforcement 4 | . . . . . 4 Assault 2 | . . . . 2 . Garrison . | . . . . . . Intercept . | . . . . . . Searches Triggered . | . . . . . . Construction Impeded . | . . . . . . Haulers Reinforced . | . . . . . . Active Scanning Responses . | . . . . . . Cargo Convoy Interrupts . | . . . . . . Stealth | -11 -10 -10 -9 -9 -8 --------- Run | Yrd Mat Min Mat Sto Mat Distress Signals 2 | . . . 1 . 1 Communications Jammed . | . . . . . . Distress Signals . | . . . . . . Times Spotted 97 | . 19 3 19 31 25 Peak Tracking Total 9 | . 4 3 9 9 9 Tactical Retreats 4 | . 1 . 1 2 . Traps | -11 -10 -10 -9 -9 -8 ------- Run | Yrd Mat Min Mat Sto Mat Traps Triggered 2 | . 1 . 1 . . Indirectly . | . . . . . . Trap Hack Attempts . | . . . . . . Triggered . | . . . . . . Disarmed . | . . . . . . Reprogrammed . | . . . . . . Reused . | . . . . . . Traps Extracted . | . . . . . . Installed . | . . . . . . Triggered 1 | . . . . 1 . Machines | -11 -10 -10 -9 -9 -8 ---------- Run | Yrd Mat Min Mat Sto Mat Machines Disabled 10 | . 3 . . 2 5 Max in Single Turn 2 | . 1 . . 1 2 Machines Repaired . | . . . . . . Machines Dismantled . | . . . . . . Machines Sabotaged . | . . . . . . Overloaded Fab Kills . | . . . . . . Hacking | -11 -10 -10 -9 -9 -8 --------- Run | Yrd Mat Min Mat Sto Mat Machines Accessed 12 | . 4 . 2 6 . Terminals 10 | . 3 . 1 6 . Fabricators . | . . . . . . Repair Stations . | . . . . . . Recycling Units 1 | . 1 . . . . Scanalyzers 1 | . . . 1 . . Garrison Access . | . . . . . . Total Hacks 29 | . 9 . 4 16 . Successful 13 | . 4 . 2 7 . Failed 16 | . 5 . 2 9 . Catastrophic 1 | . 1 . . . . Database Lockouts . | . . . . . . Manual 2 | . . . 1 1 . Terminals 24 | . 5 . 3 16 . Fabricators . | . . . . . . Repair Stations . | . . . . . . Recycling Units 4 | . 4 . . . . Scanalyzers 1 | . . . 1 . . Garrison Access . | . . . . . . Terminal Hacks 9 | . 1 . 1 7 . Record 1 | . . . . 1 . Part Schematic 1 | . . . . 1 . Open Door 1 | . . . . 1 . Alert Level 2 | . . . . 2 . Locate Traps 3 | . 1 . 1 1 . Dispatch Records 1 | . . . . 1 . Fabricator Hacks . | . . . . . . Repair Station Hacks . | . . . . . . Recycling Unit Hacks 3 | . 3 . . . . Recycle Component 1 | . 1 . . . . Process 1 | . 1 . . . . Report Inventory 1 | . 1 . . . . Scanalyzer . | . . . . . . Garrison Access Hacks . | . . . . . . Unauthorized Hacks 1 | . . . 1 . . Terminals . | . . . . . . Fabricators . | . . . . . . Repair Stations . | . . . . . . Recycling Units . | . . . . . . Scanalyzers 1 | . . . 1 . . Extract 1 | . . . 1 . . Garrison Access . | . . . . . . Data Cores Recovered . | . . . . . . Used . | . . . . . . Hacking Detections 7 | . 3 . . 4 . Full Trace Events 4 | . 2 . . 2 . Feedback Events . | . . . . . . Feedback Blocked . | . . . . . . Robot Schematics Acquired . | . . . . . . Robots Built . | . . . . . . Authchips . | . . . . . . Time . | . . . . . . Total Robot Build Rating . | . . . . . . Part Schematics Acquired 2 | . . . 1 1 . Parts Built . | . . . . . . Authchips . | . . . . . . Time . | . . . . . . Total Part Build Rating . | . . . . . . Parts Repaired . | . . . . . . Time . | . . . . . . Parts Recycled 1 | . 1 . . . . Recycled Matter 10 | . 10 . . . . Retrieved Matter . | . . . . . . Retrieved Components . | . . . . . . Parts Scanalyzed . | . . . . . . Part Schematics Acquired . | . . . . . . Parts Damaged . | . . . . . . Bothacking | -11 -10 -10 -9 -9 -8 ------------ Run | Yrd Mat Min Mat Sto Mat Used RIF Installer . | . . . . . . Robots Hacked . | . . . . . . Non-combat . | . . . . . . Combat . | . . . . . . Robot Hacks Applied . | . . . . . . Relay Couplers Released . | . . . . . . Fabnet Peak Effective % . | . . . . . . Robots Rewired . | . . . . . . Allies Hacked . | . . . . . . Hacks Repelled . | . . . . . . Allies | -11 -10 -10 -9 -9 -8 -------- Run | Yrd Mat Min Mat Sto Mat Total Allies 2 | . . . . 2 . Largest Group 2 | . . . . 2 . Highest-Rated Group 62 | . . . . 62 . Highest-Rated Ally 31 | . . . . 31 . Total Orders 7 | . . . . 7 . ROAM 1 | . . . . 1 . FOLLOW 1 | . . . . 1 . EXPLORE 4 | . . . . 4 . RETURN 1 | . . . . 1 . Ally Attacks 23 | . . . . 23 . Total Damage 435 | . . . . 435 . Kills 2 | . . . . 2 . Allies Corrupted . | . . . . . . Allies Melted . | . . . . . . Intel | -11 -10 -10 -9 -9 -8 ------- Run | Yrd Mat Min Mat Sto Mat Robot Analysis Total . | . . . . . . Derelict Logs Recovered . | . . . . . . Drone Launches 3 | . . . . 3 . Drone Recoveries 2 | . . . . 2 . Exploration | -11 -10 -10 -9 -9 -8 ------------- Run | Yrd Mat Min Mat Sto Mat Turns Passed 3027 | 63 400 127 456 1208 773 Spaces Moved 1530 | 42 220 92 249 481 446 Core 56 | 24 . . . . 32 Treads 57 | . . . . . 57 Legs 1417 | 18 220 92 249 481 357 Wheels . | . . . . . . Hover . | . . . . . . Flight . | . . . . . . Fastest Speed 50 | 50 120 120 120 120 50 Average Speed 139 | 122 120 120 125 173 126 Slowest Speed 260 | 200 190 120 190 190 260 Overloaded Moves . | . . . . . . Propulsion Burnouts . | . . . . . . Robots Hopped . | . . . . . . Cave-ins Triggered . | . . . . . . Exploration Rate (%) 41 | 4 48 28 24 86 57 Regions Visited 5 Branch Regions 2 Pre-discovered Areas . | . . . . . . Known Exits Taken . | . . . . . . Unknown Exits Taken 5 | 1 1 1 1 1 . Scrap Searched 1 | . . 1 . . . Spaces Dug 10 | . . . . . 10 Terrain Destroyed 193 | . 2 . . 89 102 Melee . | . . . . . . Projectile 2 | . . . . . 2 AOE 191 | . 2 . . 89 100 Terrain Rammed . | . . . . . . Walls Destroyed . | . . . . . . Machines Disabled . | . . . . . . Actions | -11 -10 -10 -9 -9 -8 --------- Run | Yrd Mat Min Mat Sto Mat Total 2106 | 50 306 102 336 746 566 Wait 215 | . 38 5 27 140 5 Move 1525 | 41 219 91 248 480 446 Hop . | . . . . . . Pick Up 47 | 2 8 1 9 16 11 Fast Attach 45 | 6 3 . 4 5 27 Attach 18 | . . . 5 5 8 Detach 5 | . 1 . . 1 3 Swap 40 | 1 5 1 6 22 5 Drop 36 | . 4 . 5 14 13 Fire 173 | . 27 3 32 63 48 Melee . | . . . . . . Ram . | . . . . . . Kick 2 | . 1 1 . . . Crush . | . . . . . . Escape Stasis . | . . . . . . Rewire . | . . . . . . Trap . | . . . . . . Miscellaneous . | . . . . . . Route ------- -11/Scrapyard -10/Materials -10/Mines -9/Materials -9/Storage -8/Materials History --------- Turn | Location | Event 29 | -11/Scrapyard | Discovered new exit (range 15) 64 | -11/Scrapyard | Entered Materials 336 | -10/Materials | Build established: Mutant 454 | -10/Materials | Discovered new exit (range 6) 464 | -10/Materials | Entered Mines 560 | -10/Mines | Received a Rocket Launcher from a helpful Derelict 585 | -10/Mines | Discovered new exit (range 6) 591 | -10/Mines | Entered Materials 591 | -9/Materials | Evolved 2 slots: Utility x2 1000 | -9/Materials | Destroyed 7 combat bots 1000 | -9/Materials | Discovered new exit (range 6) 1002 | -9/Materials | Lost 3 parts (1n1u1w) 1047 | -9/Materials | Entered Storage 1950 | -9/Storage | Core integrity fell below 50% 2072 | -9/Storage | Discovered new exit (range 40) 2149 | -9/Storage | Met a pair of Derelict thieves 2250 | -9/Storage | System corruption reached 10% 2255 | -9/Storage | Entered Materials 2255 | -8/Materials | Evolved 2 slots: Power x1, Propulsion x1 2519 | -8/Materials | Core integrity fell below 50% 2520 | -8/Materials | Lost 13 parts (1p3n4u5w) 2657 | -8/Materials | Core integrity fell below 20% 2761 | -8/Materials | Met 7R-MNS 2769 | -8/Materials | Lost 11 parts (2p3n3u3w) 2977 | -8/Materials | Build established: Scavenger-Mutant 3028 | -8/Materials | Destroyed by Y-45 Defender with Heavy Assault Rifle Last Messages --------------- Dropped Imp. Ion Engine. Acquired Lgt. Nuclear Core. Acquired 52 matter. Acquired 9 matter. Dropped Aluminum Leg. Acquired Imp. EM Pulse Cannon. ALERT: Security rotation in progress. Acquired 10 matter. Acquired data core, dynamic key expired. K-01 Serf cleans the Terminal. Dropped Imp. Heat Sink. Acquired Adv. Targeting Computer. K-01 Serf cleans the Terminal. System corrupted: Heat flow error (+127). Dropped Lgt. Treads. Acquired Adv. Visual Processing Unit. Dropped ECM Suite. Acquired Pulse Rifle. Dropped Lgt. Ion Engine. Acquired Nuclear Core. Map ----- +----------------------------------------------------+ | ????????????? #################??? | | ???????????#?? # [[ # #### | | ???????????# """ "" """ # [[ # % | | ???????????# """ """ """ # [ %+ | | ???????????# """ """ """ # # | | ???????????# # # ###+ | | ???????????# % /%% ####### | | ???????????# ####### #?????# | | ???????????# #?????# #?????# " | | ???????????######### #?????###########?????# " | | ???????????????????# #?????????????????????# " | | ???????????????????# #?????????????????????# | | ???????????????????# #?????????????????????# | | ?????????########### #?????????????????????# | | ?????????#] # #?????????????????????#### | | ?????????# # ################?????????? | | ?????????# # u ???????? | | ?????????# + % ???????? | | ?????????# # ???????? | | ?????????# # %##??????????? | | ?????????# # #???????????? | | ?????????# # """ """ ""u #???????????? | | ######???########/## """ """ T" #???????????? | | #??????????#a """ """ "" ????????? | | """ #??????????# ????????? | | """ ############ @ ????????? | | """ #! * Y #"T"#" "##T#####????????????? | | # ##### #"""#"R"#???????????????????? | | """ #""" #???# #####"""#???????????????????? | | """ #""" #???# #?????###???????????????????? | | """ *#""" #???# #???????????????????????????? | | # #???# #???????????????????????????? | | ####+####+####### #???????????????????????????? | | ?# #???????????????????????????? | | ?# #???????????????????????????? | | ####+####+####### #????????????????????H??????? | | # #####+#########?????????????????????? | | " """ # # !! #?????????????????????? | | " """ # """ # ! #?????????????????????? | | " """ # """ #""" #?????????????????????? | | # """ #"R #????????????????????? | | # #""" | ##????????????????????? | | ######## #?????????????????????? | | ######???????###############?????????????????????? | | | | | | | | | | | | | +----------------------------------------------------+ Best States ------------- Heat Dissipation 53 Energy Generation 23 Energy Capacity 325 Matter Stores 400 Matter Capacity 400 Sight Range 16 Robot Scan Range 14 Terrain Scan Density 10 Armor Coverage 300 Evasion (%) 55 Targeting Accuracy 13 Recoil Reduction 3 Item Schematics ----------------- Cargo Storage Unit | -9/Materials | Extracted Imp. Carbon-fiber Leg | -9/Storage | Hacked Robot Schematics ------------------ None Fabricated ------------ Nothing Alien Tech Used ----------------- None Achievements -------------- Backstab Challenges ------------ None Game ------ Seed CarbideCommShockpuncher Manual? 0 Play Time 01:17:17 Cumulative 7.4 hours Start 2024.07.15 @ 17:35:11 End 2024.07.15 @ 18:57:08 Sessions 1 Manual Loads 0 Difficulty Rogue Special Mode None Game No. 6 Rogue 6 Adventurer 0 Explorer 0 Win Type - Total 0 Types 0/0/0/0/0/0/0/0/0 Lore% 6 Gallery% 9 Achievement% 9 Wizard Run 0 Options --------- Layout 1 ASCII 0 Keyboard 0 Movement Mouse Keybinds 0 Fullscreen 1 Font 16/Terminus Map View 55x38 Zoom Use 0% Tactical HUD 0 Map Filters NONE Filters NONE Steam 1 RUN: ebe5b7a0-ac10-4f89-8c8a-cbcc6e452cc4